 Dungeon Crawl Stone Soup version 0.28-a0-932-g843f935a50 (webtiles) character file.

Game seed: 14794782364641685683

251 Hipnos the Chiller (level 5, -3/28 HPs)
             Began as a Deep Elf Ice Elementalist on Nov 27, 2021.
             Slain by Crazy Yiuf (7 damage)
             ... on level 2 of the Dungeon.
             The game lasted 00:07:59 (2777 turns).

Hipnos the Chiller (Deep Elf Ice Elementalist)      Turns: 2777, Time: 00:08:01

Health: -3/28      AC: 11    Str:  5    XL:     5   Next: 88%
Magic:  6/15       EV: 13    Int: 21    God:
Gold:   68         SH:  0    Dex: 15    Spells: 4/15 levels left

rFire   . . .      SeeInvis .   b - +0 dagger
rCold   . . .      Faith    .   (no shield)
rNeg    . . .      Spirit   .   a - +0 robe
rPois   +          Reflect  .   j - +0 helmet
rElec   .          Harm     .   n - +0 cloak
rCorr   .          Rampage  .   (no gloves)
Will    .....                   (no boots)
Stlth   ++........              (no amulet)
HPRegen 0.09/turn               e - ring of poison resistance
MPRegen 0.14/turn               (no ring)

@: ice-armoured, freezing walls, very slightly contaminated
A: no striking features
a: no special abilities


You were on level 2 of the Dungeon.
You visited 1 branch of the dungeon, and saw 2 of its levels.

You collected 68 gold pieces.

Inventory:

Hand Weapons
 b - a +0 dagger (weapon)
Armour
 a - a +0 robe (worn)
 j - a +0 helmet (worn)
 n - a +0 cloak (worn)
Jewellery
 e - a ring of poison resistance (left hand)
 i - a ring of flight
Scrolls
 c - a scroll of amnesia {unknown}
 d - 2 scrolls of fog {unknown}
 f - 2 scrolls of teleportation {unknown}
 h - 3 scrolls of enchant weapon {unknown}
 l - a scroll of summoning {unknown}
 m - a scroll of enchant armour {unknown}
Potions
 g - a potion of lignification {unknown}
 k - a potion of heal wounds {unknown}


   Skills:
 + Level 0.1 Fighting
 + Level 2.9 Dodging
 + Level 3.1 Stealth
 + Level 0.1 Unarmed Combat
 + Level 5.7 Spellcasting
 + Level 6.2 Ice Magic


You had 4 spell levels left.
You knew the following spells:

 Your Spells              Type           Power      Damage    Failure   Level
a - Freeze                Ice            100%       1d11      1%          1
b - Frozen Ramparts       Ice            64%        1d8       2%          3
c - Ozocubu's Armour      Ice            32%        N/A       2%          3
d - Hailstorm             Conj/Ice       19%        3d6       28%         4

Your spell library contained the following spells:

 Spells                   Type           Power      Damage    Failure   Level
 Beastly Appendage        Tmut           10%        N/A       10%         1
 Wereblood                Tmut           5%         N/A       16%         2
 Spider Form              Tmut/Pois      5%         N/A       30%         3


Dungeon Overview and Level Annotations

Branches:
Dungeon (2/15)

Altars:
Wu Jian

Annotations:
D:2 Crazy Yiuf


Message History

Crazy Yiuf says, "Tosser tired cloud!"
Casting: Ozocubu's Armour (dangerous; 2% risk of failure)
Confirm with . or Enter, or press ? or * to list all spells.
You can't see any susceptible monsters within range! (Use Z to cast anyway.)
Casting: Ozocubu's Armour (dangerous; 2% risk of failure)
Confirm with . or Enter, or press ? or * to list all spells.
Casting: Frozen Ramparts (dangerous; 2% risk of failure)
Press: ? - help, Dir - look around, f - activate
Okay, then.
You open the door.
Casting: Frozen Ramparts (dangerous; 2% risk of failure)
Confirm with . or Enter, or press ? or * to list all spells.
Casting: Frozen Ramparts (dangerous; 2% risk of failure)
Press: ? - help, Dir - look around, f - activate You miscast Frozen Ramparts.
You are very lightly contaminated with residual magic.
Nothing appears to happen.
Crazy Yiuf says, "Shower snockshim pontify!"
Crazy Yiuf barely misses you.
Casting: Frozen Ramparts (dangerous; 2% risk of failure)
Confirm with . or Enter, or press ? or * to list all spells.
Casting: Frozen Ramparts (dangerous; 2% risk of failure)
Press: ? - help, Dir - look around, f - activate The walls around you are covered in ice.
The wall freezes Crazy Yiuf.
Crazy Yiuf laughs, "Race koolooloo sing!"
Crazy Yiuf drinks a potion.
Crazy Yiuf goes berserk!
You closely miss Crazy Yiuf.
Crazy Yiuf is moderately wounded.
The wall freezes Crazy Yiuf.
Crazy Yiuf hits you with a +2 quarterstaff of chaos.
Crazy Yiuf draws strength from your wounds!
You hit Crazy Yiuf but do no damage.
Crazy Yiuf is moderately wounded.
The wall freezes Crazy Yiuf.
Crazy Yiuf hits you with a +2 quarterstaff of chaos!!
Ouch! That really hurt!
* * * LOW HITPOINT WARNING * * *
Crazy Yiuf freezes you!
You die...

#....####...#.......
#....# #......#....
#P.PP# #..##.##....
#..P## #..##.##.#..
##.## #####.##.###
#.## ###...##....
##.# #...#####...
#.## #.###.....##
##@# #.#...##### #g#
###.### ... #...#
#...# ##### #..)#
#####


You could see Crazy Yiuf (berserk).

Vanquished Creatures
  Sigmund (D:2)
  3 adders (D:2)
  2 dart slugs (D:1)
  5 bats
  8 endoplasms
  3 giant cockroaches
  4 goblins
  6 hobgoblins
  2 jackals (D:1)
  A quokka (D:2)
  5 ball pythons
  2 frilled lizards
  A kobold (D:2)
  6 rats
49 creatures vanquished.

Notes
Turn   | Place    | Note
-------+----------+-------------------------------------------
     0 | D:1      | Hipnos the Deep Elf Ice Elementalist began the quest for
                  | the Orb.
     0 | D:1      | Reached XP level 1. HP: 10/10 MP: 6/6
   346 | D:1      | Reached XP level 2. HP: 5/15 MP: 5/8
   973 | D:1      | Reached skill level 5 in Ice Magic
  1155 | D:1      | Reached XP level 3. HP: 19/19 MP: 5/9
  1718 | D:2      | Noticed Sigmund
  1719 | D:2      | Learned a level 3 spell: Frozen Ramparts
  1732 | D:1      | Learned a level 3 spell: Ozocubu's Armour
  1964 | D:2      | Killed Sigmund
  1965 | D:2      | Reached skill level 5 in Spellcasting
  1965 | D:2      | Reached skill level 6 in Ice Magic
  1965 | D:2      | Reached XP level 4. HP: 11/24 MP: 1/13
  1965 | D:2      | Reached XP level 5. HP: 13/28 MP: 1/14
  2139 | D:2      | Learned a level 4 spell: Hailstorm
  2279 | D:2      | Found an ornate altar of the Wu Jian Council.
  2591 | D:2      | Found a faded altar of an unknown god.
  2768 | D:2      | Found a runed translucent door.
  2769 | D:2      | Noticed Crazy Yiuf
  2777 | D:2      | Slain by Crazy Yiuf

Illustrated notes

Levels and vault maps discovered:
D:1:      sevenhm_arrival_forest_fort_large_2, layout_loops_corners,
          patterned_corridor
D:2:      layout_rooms, shapermc_ecumenical_altar_notcrosses, basic_altar,
          uniq_crazy_yiuf_cottage, uniq_sigmund

Skill      XL: |  1  2  3 |
---------------+----------+-----
Ice Magic      | 5 6 |  6.2
Stealth        | 3 |  3.1
Spellcasting   | 5 |  5.7
Fighting       | |  0.1
Dodging        | |  2.9
Unarmed Combat | |  0.1

Action                   |  1- 3 |  4- 6 || total
-------------------------+-------+-------++-------
Melee: Unarmed           |     4 |       ||     4
       Dagger            |     3 |     4 ||     7
 Cast: Freeze            |    42 |    24 ||    66
       Ozocubu's Armour  |     2 |     1 ||     3
       Frozen Ramparts   |     2 |     1 ||     3
Armor: Robe              |    10 |     3 ||    13
Dodge: Dodged            |    31 |    11 ||    42

Table legend: (Time is in decaauts)
 A = Elapsed time spent in this place.
 B = Non-inter-level travel time spent in this place.
 C = Inter-level travel time spent in this place.
 D = Time resting spent in this place.
 E = Time spent auto-exploring this place.
 F = Levels seen in this place.
 G = Mean time per level.
                   A        B        C        D        E       F      G
               +--------+--------+--------+--------+--------+-----+--------+
         Total |   2777 |   2730 |     47 |    743 |   1546 |   2 | 1388.5 |
       Dungeon |   2777 |   2730 |     47 |    743 |   1546 |   2 | 1388.5 |
               +--------+--------+--------+--------+--------+-----+--------+

Top non-repeatable levels by time:
     D:1: 1932 daAuts
     D:2: 845 daAuts
